 Dungeon Crawl Stone Soup version 0.24.0-29-g8ce449bc06 (webtiles) character file.

Game seed: 14218186018478865120, levelgen mode: deterministic

407 Matador8 the Conjurer (level 6, -4/45 HPs)
             Began as a Draconian Conjurer on Nov 13, 2019.
             Was an Initiate of Nemelex Xobeh.
             Slain by an ogre
             ... wielding a +0 giant club
              (24 damage)
             ... on level 4 of the Dungeon.
             The game lasted 00:21:51 (5624 turns).

Matador8 the Conjurer (Draconian Conjurer)          Turns: 5624, Time: 00:21:51

Health: -4/45      AC:  7    Str: 10    XL:     6   Next: 57%
Magic:  5/13       EV: 12    Int: 18    God:    Nemelex Xobeh [......]
Gold:   201        SH:  0    Dex: 11    Spells: 10/14 levels left

rFire    . . .     SeeInvis .   m - -3 dagger (curse)
rCold    . . .     Gourm    .   (no shield)
rNeg     . . .     Faith    .   (armour unavailable)
rPois    .         Spirit   .   a - +0 hat
rElec    .         Reflect  .   (no cloak)
rCorr    .         Harm     .   (no gloves)
MR       .....                  j - +0 pair of boots
Stlth    ++........             (no amulet)
HPRegen  0.15/turn              (no ring)
MPRegen  0.13/turn              (no ring)

@: no status effects
A: unfitting armour, cold-blooded, AC +6
a: Draw Escape, Draw Destruction, Draw Summoning, Renounce Religion


You were on level 4 of the Dungeon.
You worshipped Nemelex Xobeh.
Nemelex Xobeh was noncommittal.
You were not hungry.

You visited 2 branches of the dungeon, and saw 5 of its levels.

You collected 201 gold pieces.

Inventory:

Hand Weapons
 f - a +1 dagger
 m - a cursed -3 dagger (weapon)
 r - a +2 flail of draining
Armour
 a - a +0 hat (worn)
 j - a +0 pair of boots (worn)
Jewellery
 s - an uncursed ring of protection from fire {unknown}
Scrolls
 c - a scroll of enchant armour {unknown}
 e - a scroll of fog {unknown}
 g - 2 scrolls of random uselessness {unknown}
 h - a scroll of identify {unknown}
 i - 2 scrolls of enchant weapon
 p - a scroll of remove curse {unknown}
Potions
 d - a potion of lignification {unknown}
 k - a potion of haste
 l - 3 potions of degeneration {unknown}
 n - a potion of curing {unknown}
 q - a potion of ambrosia {unknown}
Comestibles
 b - 6 rations


   Skills:
 - Level 1.7 Dodging
 - Level 1.7 Stealth
 * Level 4.8 Spellcasting
 - Level 5.0 Conjurations
 + Level 2.4 Hexes
 + Level 2.1 Invocations


You had 10 spell levels left.
You knew the following spells:

 Your Spells              Type           Power        Failure   Level  Hunger
a - Magic Dart            Conj           ###.         1%          1    None
b - Dazzling Spray        Conj/Hex       ###...       9%          3    ###....

Your spell library contained the following spells:

 Spells                   Type           Power        Failure   Level  Hunger
 Searing Ray              Conj           ###...       2%          2    #......
 Iskenderun's Mystic Bla  Conj           ###.....     17%         4    ####...
 Fulminant Prism          Conj/Hex       ###.......   28%         4    ####...
 Force Lance              Conj/Tloc      ##......     43%         4    ####...


Dungeon Overview and Level Annotations

Branches:
Dungeon (4/15)             Temple (1/1) D:4

Altars:
Ashenzari
Cheibriados
Dithmenos
Elyvilon
Gozag
Hepliaklqana
Kikubaaqudgha
Makhleb
Nemelex Xobeh
Okawaru
Qazlal
Ru
Sif Muna
Trog
Uskayaw
Vehumet
Wu Jian
Xom
Yredelemnul
Zin
The Shining One

Annotations:
D:3 1 exclusion


Innate Abilities, Weirdness & Mutations

Your plain brown scales are hard. (AC +6)
You cannot fit into any form of body armour.
You are cold-blooded and may be slowed by cold attacks.


Message History

An ogre comes into view. It is wielding a +0 giant club.
The ogre shouts!
Casting: Magic Dart (safe; 1% risk of failure)
Confirm with . or Enter, or press ? or * to list all spells.
Aiming: Dazzling Spray (safe; 9% risk of failure)
Press: ? - help, Shift-Dir - straight line, f - ogre
Aim: an ogre, wielding a +0 giant club The spray of energy misses the ogre.
The ogre hits you with a +0 giant club!!
Ouch! That really hurt!
Casting: Dazzling Spray (safe; 9% risk of failure)
Confirm with . or Enter, or press ? or * to list all spells.
Aiming: Dazzling Spray (safe; 9% risk of failure)
Press: ? - help, Shift-Dir - straight line, f/p - ogre
Aim: an ogre, wielding a +0 giant club The spray of energy misses the ogre.
The ogre hits you with a +0 giant club!!
Ouch! That really hurt!
You die...
Your body disappears without a glow.

.... ##.# .$.. #..# ##..
#..# .... #..##
####..### #. #....
#.......# #.##.### #.#
#.##.# #.###########
#.##.#
#...O@......###.##.#
#.########...##.##.# #.#
#...........#.# ..#
#.###...##..#.# .###
##.###...##..#.# #.
##...##.#.......#
#.####.....#...#...#####
#.............##>.......
#. ###.....##..).).#####


You could see an ogre.

Vanquished Creatures
  Menkaure (D:4)
  A hound (D:4)
  An orc wizard (D:3)
  3 worker ants
  Robin (D:4)
  3 adders
  An ooze (D:3)
  2 worms (D:3)
  3 dart slugs
  4 leopard geckos
  6 orcs
  10 bats
  11 giant cockroaches
  12 hobgoblins
  9 kobolds
  A quokka (D:3)
  3 ball pythons
  2 frilled lizards
  9 goblins
  9 rats
92 creatures vanquished.

Notes
Turn   | Place    | Note
-------+----------+-------------------------------------------
     0 | D:1      | Matador8 the Draconian Conjurer began the quest for the
                  | Orb.
     0 | D:1      | Reached XP level 1. HP: 14/14 MP: 3/3
   227 | D:1      | Reached XP level 2. HP: 20/20 MP: 5/5
  1225 | D:2      | Reached XP level 3. HP: 19/26 MP: 4/7
  2644 | D:3      | Found a white marble altar of Elyvilon.
  3008 | D:3      | Reached XP level 4. HP: 33/33 MP: 0/8
  3012 | D:3      | Noticed a moth of wrath
  3015 | D:3      | Found a bloodstained altar of Trog.
  3167 | D:3      | Learned a level 3 spell: Dazzling Spray
  3220 | D:3      | Reached skill level 5 in Conjurations
  3652 | D:3      | Found a burning altar of Makhleb.
  3692 | D:3      | Reached skill level 1 in Hexes
  4139 | D:4      | Noticed Robin
  4200 | D:3      | Reached XP level 5. HP: 38/38 MP: 3/10
  4406 | D:4      | Found a staircase to the Ecumenical Temple.
  4421 | Temple   | Entered the Ecumenical Temple
  4496 | Temple   | Became a worshipper of Nemelex Xobeh the Trickster
  5005 | D:4      | Reached skill level 1 in Invocations
  5065 | D:4      | Noticed Menkaure
  5256 | D:4      | Reached XP level 6. HP: 39/45 MP: 3/12
  5352 | D:4      | Killed Menkaure
  5568 | D:4      | Killed Robin
  5624 | D:4      | Slain by an ogre

Levels and vault maps discovered:
D:1:      dpeg_arrival_central, layout_loops_corners
D:2:      layout_basic, first_ration
D:3:      layout_basic, nicolae_overflow_crystal_walls, tgw_trog,
          lemuel_doored_altar, gup_sewer_entry_spiral
D:4:      layout_loops_ring, minmay_temple_entry_gardened_gates, uniq_robin,
          uniq_blork_the_orc, uniq_menkaure
Temple:   dpeg_five_rooms_temple

Skill      XL: |  1  2  3  4  5  6 |
---------------+-------------------+-----
Spellcasting   | 3 4 |  4.8
Conjurations   | 5 |  5.0
Hexes          | 1 2 |  2.4
Invocations    | 1 2 |  2.1
Dodging        | |  1.7
Stealth        | |  1.7

Action                   |  1- 3 |  4- 6 || total
-------------------------+-------+-------++-------
Melee: Unarmed           |     4 |       ||     4
       Dagger            |    67 |    28 ||    95
       Tailslap          |    11 |     5 ||    16
 Cast: Magic Dart        |   112 |   147 ||   259
       Dazzling Spray    |       |     5 ||     5
  Use: Scroll            |     1 |     2 ||     3
 Stab: Sleeping          |     3 |       ||     3
  Eat: Chunk             |     7 |     6 ||    13
       Ration            |       |     1 ||     1
Armor: Skin              |    38 |    40 ||    78
Dodge: Dodged            |    70 |    85 ||   155
